 Dungeon Crawl Stone Soup version 0.23.2-1-ga50397a (webtiles) character file.

Game seed: 14091928304728685274

121 troglodite the Skirmisher (level 4, -1/37 HPs)
             Began as a Demonspawn Berserker on May 6, 2019.
             Was a Priest of Trog.
             Splashed by an orc wizard's acid (12 damage)
             ... on level 3 of the Dungeon.
             The game lasted 00:08:39 (2353 turns).

troglodite the Skirmisher (Demonspawn Berserker)    Turns: 2353, Time: 00:08:40

Health: -1/37      AC:  7    Str: 17    XL:     4   Next: 76%
Magic:  4/4        EV:  6    Int:  8    God:    Trog [***...]
Gold:   108        SH:  0    Dex: 14    Spells: 3/3 levels left

rFire    . . .     SeeInvis .   a - +0 falchion
rCold    . . .     Gourm    .   (no shield)
rNeg     . . .     Faith    .   h - +0 plate armour
rPois    .         Spirit   .   (helmet restricted)
rElec    .         Reflect  .   q - scarf {cloud immunity}
rCorr    .         Harm     .   (no gloves)
MR       .....                  (no boots)
Stlth    ..........             b - amulet of regeneration
HPRegen  0.52/turn              (no ring)
MPRegen  0.09/turn              (no ring)

@: lethally poisoned (-1 -> -1), corroded, berserk cooldown, slowed, very slow
A: antennae 1
a: Berserk, Trog's Hand, Renounce Religion


You were on level 3 of the Dungeon.
You worshipped Trog.
Trog was most pleased with you.
You were hungry.

You visited 1 branch of the dungeon, and saw 3 of its levels.

You collected 108 gold pieces.

Inventory:

Hand Weapons
 a - a +0 falchion (weapon)
Armour
 h - a +0 plate armour (worn)
 q - a scarf of cloud immunity (worn)
Jewellery
 b - an amulet of regeneration (around neck)
Scrolls
 d - 2 scrolls of random uselessness {unknown}
 j - a scroll of identify {unknown}
 k - a scroll of remove curse {unknown}
 n - a scroll of teleportation {unknown}
 o - a scroll of immolation {unknown}
Potions
 e - 2 potions of flight {unknown}
 f - a potion of agility {unknown}
 g - 2 potions of curing {unknown}
 i - a potion of heal wounds {unknown}
 l - 2 potions of degeneration {unknown}
 m - a potion of haste {unknown}
Comestibles
 c - 4 rations
 p - 4 chunks of flesh


   Skills:
 * Level 4.0 Fighting
 + Level 3.5 Long Blades
 * Level 2.6 Armour
 * Level 2.2 Dodging
 + Level 0.2 Stealth


You had 3 spell levels left.
You didn't know any spells.
Your spell library was empty.

Dungeon Overview and Level Annotations

Branches:
Dungeon (3/15)

Altars:
Dithmenos
Qazlal


Innate Abilities, Weirdness & Mutations

You have a pair of small antennae on your head.


Message History

Unknown command.
You closely miss the orc wizard.
The orc wizard is moderately wounded.
The orc wizard gestures at you while chanting.
The magic dart hits you but does no damage.
The orc hits you but does no damage.
The orc wizard hits you but does no damage.
The orc hits you from afar with a +0 trident.
The orc wizard barely misses you.
You riposte.
You closely miss the orc wizard.
The orc wizard is moderately wounded.
Unknown command.
You closely miss the orc wizard.
The orc wizard is moderately wounded.
You feel sick.
The orc wizard mumbles some strange words.
The orc wizard blinks!
The orc hits you but does no damage.
The orc wizard zaps a wand.
The bolt of acid hits you!
* * * LOW HITPOINT WARNING * * *
The acid corrodes you!
You are splashed with acid!
You die...

#####........##.....#
###########...#.#
#...#.# #######.#
###...###.##
#E#...#E#..#
#####...###..#
.............##
......_.@ยง....#
......))....#.#
..###.o.###.#.# .
#E#..o#E#..>.
###...#####..# ..#.##
..# # ..#. .. #.#
..... .


You could see an earth elemental, a water elemental, a fire elemental, an air
elemental, an orc wizard and an orc.

Vanquished Creatures
  4 adders
  A worm (D:3)
  A dart slug (D:1)
  4 orcs (D:3)
  5 giant cockroaches (D:2)
  11 goblins
  8 hobgoblins
  10 jackals
  12 kobolds
  A quokka (D:2)
  5 bats (D:1)
  3 frilled lizards
  4 rats
69 creatures vanquished.

Notes
Turn   | Place    | Note
-------+----------+-------------------------------------------
     0 | D:1      | troglodite the Demonspawn Berserker began the quest for the
                  | Orb.
     0 | D:1      | Reached XP level 1. HP: 18/18 MP: 1/1
   471 | D:1      | Gained mutation: You have a pair of small antennae on your
                  | head. [demonic ancestry]
   471 | D:1      | Reached XP level 2. HP: 24/24 MP: 2/2
   872 | D:1      | Reached ** piety under Trog
   918 | D:1      | Reached XP level 3. HP: 25/29 MP: 3/3
  1548 | D:2      | Found a shadowy altar of Dithmenos.
  1615 | D:2      | Reached XP level 4. HP: 36/37 MP: 4/4
  2253 | D:3      | Reached skill level 4 in Fighting
  2323 | D:3      | Noticed an air elemental
  2325 | D:3      | Found a stormy altar of Qazlal.
  2327 | D:3      | Noticed a fire elemental
  2327 | D:3      | Noticed a water elemental
  2327 | D:3      | Noticed an earth elemental
  2349 | D:3      | Reached *** piety under Trog
  2353 | D:3      | Splashed by an orc wizard's acid

Skill      XL: |  1  2  3  4 |
---------------+-------------+-----
Armour         | 2 |  2.6
Long Blades    | 3 |  3.5
Dodging        | 2 |  2.2
Fighting       | 4 |  4.0
Stealth        | |  0.2

Action                   |  1- 3 |  4- 6 || total
-------------------------+-------+-------++-------
Melee: Falchion          |   135 |    95 ||   230
Invok: Berserk           |     1 |     1 ||     2
  Eat: Chunk             |     3 |     3 ||     6
Armor: Animal skin       |     9 |       ||     9
       Plate armour      |    84 |    87 ||   171
Dodge: Dodged            |    73 |    48 ||   121
       Rpst.: Falchion   |    24 |    16 ||    40
